Map: Inside and Out

Players

Astrea

  • Race: Protoss Protoss
  • League: Master
  • Spawn Location: 1:00

SKillous - Winner!

  • Race: Protoss Protoss
  • League: Grandmaster
  • Spawn Location: 7:00

Event: HomeStory Cup XXII

VOD

Have the link to the VOD?

Description

Time

  • Played on: Dec. 16, 2022, 6:54 a.m.
  • Length: 12:12

All games in this series

Show
View Real Time Build Order
Export as new Build Order

Astrea Protoss 

Build Orders: Blink Stalkers 

Get SALT Encoding   

  12  0:00  Probe  
  13  0:12  Probe  
  14  0:17  Pylon  
  14  0:24  Probe (Chrono Boost)  
  16  0:36  Probe (Chrono Boost)  
  16  0:37  Gateway  
  16  0:43  Probe (Chrono Boost)  
  16  0:45  Assimilator  
  17  0:51  Probe  
  18  1:03  Probe  
  19  1:15  Probe  
  19  1:17  Pylon  
  20  1:25  Zealot (Chrono Boost), Cybernetics Core  
  22  1:27  Probe  
  23  1:42  Pylon  
  23  1:47  Zealot (Chrono Boost)  
  25  2:03  Shield Battery  
  25  2:04  Shield Battery  
  25  2:05  Warp Gate  
  25  2:08  Shield Battery  
  25  2:09  Stalker (Chrono Boost)  
  25  2:13  Shield Battery  
  27  2:18  Shield Battery  
  27  2:25  Shield Battery  
  24  2:32  Stalker (Chrono Boost)  
  26  2:54  Nexus  
  26  3:11  Probe  
  25  3:17  Twilight Council  
  25  3:20  Assimilator  
  25  3:23  Probe (Chrono Boost)  
  27  3:35  Probe (Chrono Boost)  
  27  3:41  Probe (Chrono Boost)  
  27  3:42  Gateway  
  27  3:44  Shield Battery  
  27  3:48  Blink (Chrono Boost)  
  28  3:49  Probe  
  29  4:02  Stalker  
  29  4:06  Probe  
  32  4:20  Probe  
  31  4:32  Pylon  
  31  4:34  Stalker  
  31  4:36  Probe  
  31  4:37  Probe  
  34  4:49  Probe  
  34  4:52  Probe  
  36  4:57  Adept  
  38  5:00  Adept  
  38  5:02  Probe  
  38  5:04  Probe  
  40  5:14  Probe  
  39  5:16  Probe  
  39  5:18  Stalker  
  42  5:23  Pylon  
  42  5:27  Robotics Facility, Probe (Chrono Boost)  
  44  5:28  Probe (Chrono Boost)  
  44  5:40  Probe (Chrono Boost)  
  46  5:43  Pylon  
  46  5:44  Probe (Chrono Boost)  
  46  5:47  Probe (Chrono Boost)  
  47  5:53  Probe  
  47  5:56  Probe  
  49  5:57  Stalker x2  
  49  6:03  Gateway  
  53  6:04  Gateway  
  53  6:07  Dark Shrine, Probe  
  53  6:10  Probe  
  55  6:12  Assimilator  
  55  6:15  Observer (Chrono Boost)  
  54  6:28  Adept x2  
  54  6:30  Immortal, Probe  
  54  6:31  Probe  
  62  6:37  Pylon  
  62  6:41  Pylon  
  62  6:57  Stalker x2  
  58  7:06  Stalker x2  
  58  7:07  Warp Prism (Chrono Boost)  
  62  7:09  Pylon  
  62  7:10  Pylon  
  64  7:28  Dark Templar x2  
  68  7:43  Immortal (Chrono Boost)  
  72  7:50  Dark Templar  
  71  7:55  Stalker  
  71  8:01  Stalker  
  73  8:06  Stalker  
  73  8:21  Nexus  
  73  8:24  Shield Battery, Warp Prism (Chrono Boost)  
  73  8:26  Shield Battery  
  75  8:27  Pylon  
  75  8:29  Stalker x4  
  75  8:31  Probe  
  75  8:33  Forge  
  84  8:41  Probe  
  75  8:51  Probe  
  75  8:54  Stalker x4  
  81  9:03  Probe  
  78  9:10  Probe  
  72  9:17  Stalker x3  
  72  9:19  Stalker  
  72  9:22  Probe  
  73  9:35  Probe  
Show
View Real Time Build Order
Export as new Build Order

SKillous Protoss - Winner!

Build Orders: 1 Gate Expand 

Get SALT Encoding   

  12  0:00  Probe  
  13  0:12  Probe  
  14  0:18  Pylon  
  14  0:24  Probe  
  15  0:36  Gateway  
  15  0:37  Probe (Chrono Boost)  
  16  0:46  Probe (Chrono Boost)  
  16  0:47  Assimilator  
  17  0:51  Probe (Chrono Boost)  
  18  1:03  Probe  
  19  1:15  Probe  
  20  1:28  Probe  
  20  1:29  Cybernetics Core  
  21  1:35  Nexus  
  21  1:42  Pylon  
  21  1:46  Zealot (Chrono Boost)  
  23  1:58  Gateway  
  23  2:02  Probe  
  23  2:06  Stalker (Chrono Boost)  
  24  2:15  Probe  
  27  2:29  Stalker  
  29  2:33  Pylon  
  29  2:34  Probe  
  30  2:42  Shield Battery  
  30  2:56  Probe  
  31  2:59  Stalker  
  33  3:06  Stalker  
  33  3:11  Probe x2 (Chrono Boost)  
  35  3:21  Warp Gate  
  35  3:23  Probe (Chrono Boost)  
  35  3:24  Probe (Chrono Boost)  
  35  3:25  Assimilator  
  37  3:31  Probe x2 (Chrono Boost)  
  37  3:36  Assimilator  
  37  3:38  Probe x2  
  39  3:48  Pylon  
  39  3:50  Probe (Chrono Boost)  
  39  3:51  Probe (Chrono Boost)  
  39  3:54  Pylon  
  42  4:02  Twilight Council  
  42  4:07  Probe x2 (Chrono Boost)  
  43  4:11  Pylon  
  43  4:12  Probe (Chrono Boost)  
  43  4:14  Probe  
  44  4:22  Probe  
  45  4:26  Probe  
  46  4:31  Nexus  
  46  4:32  Blink (Chrono Boost)  
  46  4:34  Pylon  
  46  4:41  Probe  
  46  4:42  Probe  
  46  4:44  Gateway  
  48  4:49  Gateway  
  48  4:55  Robotics Facility  
  48  4:58  Probe x2  
  50  5:10  Shield Battery  
  50  5:12  Probe  
  51  5:14  Sentry  
  51  5:15  Stalker  
  51  5:16  Probe  
  56  5:23  Shield Battery  
  56  5:24  Probe  
  57  5:28  Probe  
  57  5:31  Pylon  
  58  5:36  Probe  
  58  5:38  Stalker  
  58  5:41  Probe  
  62  5:43  Stalker x2  
  62  5:45  Observer  
  62  5:46  Probe  
  62  5:48  Forge  
  65  5:50  Gateway  
  65  5:53  Probe (Chrono Boost)  
  66  5:59  Probe (Chrono Boost)  
  66  6:00  Stalker  
  66  6:02  Probe (Chrono Boost)  
  66  6:03  Stalker  
  72  6:05  Probe (Chrono Boost)  
  72  6:09  Pylon  
  75  6:11  Probe (Chrono Boost), Stalker  
  75  6:13  Stalker  
  75  6:15  Probe (Chrono Boost)  
  80  6:22  Immortal (Chrono Boost)  
  81  6:27  Protoss Ground Weapons Level 1 (Chrono Boost), Probe  
  81  6:31  Probe x2  
  82  6:35  Stalker x2  
  82  6:37  Pylon  
  82  6:39  Probe  
  87  6:40  Pylon  
  87  6:46  Stalker x2  
  89  6:50  Probe x2  
  88  6:54  Probe  
  88  6:58  Warp Prism (Chrono Boost)  
  88  7:03  Probe  
  88  7:04  Probe  
  88  7:06  Pylon  
  90  7:10  Sentry  
  92  7:15  Photon Cannon, Probe  
  92  7:19  Photon Cannon  
  92  7:20  Charge  
  93  7:24  Stalker  
  93  7:25  Probe  
  93  7:28  Probe  
  97  7:32  Stalker x2  
  100  7:39  Observer (Chrono Boost)  
  100  7:40  Probe  
  102  7:54  Stalker x2  
  102  7:57  Probe  
  107  7:59  Probe, Assimilator  
  108  8:06  Probe  
  108  8:09  Nexus  
  108  8:11  Pylon  
  107  8:14  Stalker x2  
  107  8:15  Probe  
  107  8:19  Gateway  
  108  8:21  Gateway  
  108  8:22  Stalker x2  
  108  8:24  Gateway, Probe x2  
  108  8:26  Assimilator  
  114  8:27  Gateway  
  114  8:30  Photon Cannon, Pylon  
  114  8:31  Shield Battery  
  114  8:32  Shield Battery, Probe  
  115  8:36  Probe  
  111  8:42  Observer (Chrono Boost)  
  111  8:46  Stalker x2  
  106  8:58  Protoss Ground Weapons Level 2  
  106  9:00  Photon Cannon  
  106  9:06  Warp Prism (Chrono Boost)  
  104  9:10  Stalker x2  
  106  9:18  Probe  
  106  9:22  Stalker x3  
  111  9:24  Gateway  
Tags
 
Add a new tag
Caveats
  • Supply blocks, unpowered buildings, or Contaminate may cause inaccurate times.
  • Supply counts are checked every 10 seconds.